 Dungeon Crawl Stone Soup version 0.30.0-18-gc0e69614cb (webtiles) character file.

Game seed: 16936735211982999672

64251 NateTC the Warrior (level 15, -3/121 HPs)
             Began as a Djinni Ice Elementalist on May 24, 2023.
             Was the Champion of Makhleb.
             Slain by a naga warrior
             ... wielding a +0 trident of venom
              (45 damage)
             ... on level 2 of the Snake Pit.
             The game lasted 01:21:58 (17534 turns).

NateTC the Warrior (Djinni Ice Elementalist)       Turns: 17534, Time: 01:21:59

Health: -3/121     AC: 11    Str:  4    XL:     15   Next: 53%
Gold:   1639       EV: 15    Int: 24    God:    Makhleb [******] SH:  5 Dex: 14

rFire   + + .        i - staff of cold
rCold   + + +        w - +1 buckler
rNeg    . . .        A - +0 acid dragon scales
rPois   ∞            B - +0 helmet
rElec   .            u - +2 cloak
rCorr   +            x - +0 pair of gloves
SInv    .            (boots unavailable)
Will    +++..        f - amulet "Ruexkin" {Fragile rC+++ Will++ Regen+ Str-3}
Stlth   +            C - ring of protection from cold
HPRegen 1.20/turn    (no ring)
MPRegen 0.00/turn

%: infuse magic (-4 HP)
@: freezing walls, flying
A: sickness immunity, fire resistance 2, cold vulnerability 1, float, innate
caster, HP casting, extra vitality 1
a: Renounce Religion, Minor Destruction, Lesser Servant of Makhleb, Major
Destruction, Greater Servant of Makhleb


You were on level 2 of the Snake Pit.
You worshipped Makhleb.
Makhleb was exalted by your worship.
You visited 5 branches of the dungeon, and saw 22 of its levels.
You also visited: Bailey.

You collected 1639 gold pieces.

Inventory:

Hand Weapons
 G - the +9 sword of Power {lifebolt}
   (You found it in a bailey)
Armour
 h - a +2 robe of willpower
 u - a +2 cloak (worn)
 w - a +1 buckler (worn)
 x - a +0 pair of gloves (worn)
 A - +0 acid dragon scales (worn)
 B - a +0 helmet (worn)
Magical Staves
 i - a staff of cold (weapon)
Jewellery
 f - the amulet "Ruexkin" (around neck) {Fragile rC+++ Will++ Regen+ Str-3}
   (You acquired it on level 2 of the Dungeon)

   [amulet of regeneration]

   Str:       It affects your strength (-3).
   rC:        It renders you almost immune to cold.
   Regen:     It increases your rate of health regeneration.
   Fragile:   It will be destroyed if unequipped.
   Will:      It greatly increases your willpower.
 s - a ring of fire
 C - a ring of protection from cold (left hand)
 E - a +6 ring of dexterity
 M - a +6 ring of strength
Wands
 j - a wand of flame (20)
 p - a wand of charming (16)
 r - a wand of digging (5)
 v - a wand of polymorph (3)
 F - a wand of iceblast (8)
 H - a wand of mindburst (15)
Scrolls
 d - 7 scrolls of teleportation
 q - 3 scrolls of enchant weapon
 y - 5 scrolls of blinking
 z - 2 scrolls of poison
 I - a scroll of silence
 K - 2 scrolls of magic mapping
 L - a scroll of fear
Potions
 a - a potion of brilliance
 b - 4 potions of flight
 c - 4 potions of attraction
 e - 5 potions of cancellation
 g - 10 potions of curing
 k - a potion of magic
 l - 4 potions of lignification
 m - 3 potions of invisibility
 n - 4 potions of mutation
 o - 3 potions of haste
 t - a potion of ambrosia
 J - 2 potions of might
 N - a potion of heal wounds


   Skills:
 * Level 15.8 Fighting
 - Level 14.9 Dodging
 - Level 1.5 Stealth
 - Level 2.7 Shields
 - Level 14.1 Spellcasting
 - Level 5.5 Invocations


You knew the following spells:

 Your Spells              Type           Power      Damage    Failure   Level
a - Freeze                Ice            100%       1d10      1%          1
b - Frozen Ramparts       Ice            100%       1d16      1%          3
c - Ozocubu's Armour      Ice            91%        N/A       1%          3
d - Summon Ice Beast      Ice/Summ       91%        N/A       1%          4
e - Magic Dart            Conj           100%       1d8       1%          1
f - Static Discharge      Conj/Air       100%       2-7/arc   1%          2
g - Tukima's Dance        Hex            71%        N/A       1%          3
h - Anguish               Hex/Necr       35%        N/A       1%          4
i - Animate Dead          Necr           71%        N/A       1%          4
j - Alistair's Intoxicat  Tmut/Pois      47%        N/A       1%          5
k - Simulacrum            Ice/Necr       45%        N/A       8%          6
Your spell library was empty.

Dungeon Overview and Level Annotations

Branches:
Dungeon (12/15) Zot: 25787  Temple (0/1) D:4            Lair (5/5) D:8 Zot: 23835
 Shoals (1/4) Lair:3 Zot: 5942   Snake (2/4) Lair:2 Zot: 10671   Slime (0/5) Lair:4
    Orc (2/2) D:11 Zot: 11354  Bailey (visited)
    Elf: Orc:2

Altars:
Dithmenos
Gozag
Hepliaklqana
Makhleb
Nemelex Xobeh
Trog
Uskayaw
Wu Jian
Xom
Yredelemnul
The Shining One
Jiyva

Shops:
D:10 *

Annotations:
D:7 1 runed translucent door, Crazy Yiuf
Lair:2 1 runed translucent door, Xudgha's ghost, journeyman MiFi
Orc:2 Donald


Innate Abilities, Weirdness & Mutations

You are immune to sickness and miasma.
You are immune to poison.
Your flesh is very heat resistant. (rF++)
You are vulnerable to cold. (rC-)
You float through the air rather than walking.
You learn spells naturally, not from books.
Your magical power is your life essence.
You have superior vitality. (+4 MHP)


Message History

The naga warrior hits you from afar with a +0 trident of venom!
Casting: Freeze (safe; 1% risk of failure)
Confirm with . or Enter, or press ? or * to list all spells.
Aiming: Freeze (safe; 1% risk of failure)
Press: ? - help, Shift-Dir - straight line, f/p - naga warrior
Aim: a naga warrior, wielding a +0 battleaxe (severely wounded, strong, catching its breath, ally target)
You feel a surge of power!
You freeze the naga warrior.
The naga warrior is almost dead.
The wall freezes the naga warrior.
The naga warrior hits you with a +0 battleaxe!
The naga warrior grabs you. The naga warrior constricts you.
The wall freezes the naga warrior!
The naga warrior hits you from afar with a +0 trident of venom.
Casting: Freeze (safe; 1% risk of failure)
Confirm with . or Enter, or press ? or * to list all spells.
Aiming: Freeze (safe; 1% risk of failure)
Press: ? - help, Shift-Dir - straight line, f/p - naga warrior
Aim: a naga warrior, wielding a +0 battleaxe (almost dead, constricting you, strong, catching its breath, ally target)
You feel a surge of power!
You freeze the naga warrior.
The naga warrior is almost dead.
* * * LOW HITPOINT WARNING * * *
The naga warrior no longer looks unusually strong.
The wall freezes the naga warrior but does no damage.
The naga warrior roars a battlecry!
The naga warrior goes into a battle-frenzy!
The naga warrior constricts you.
* * * LOW HITPOINT WARNING * * *
The wall freezes the naga warrior.
The naga warrior barely misses you.
You hear a shout!
Casting: Freeze (safe; 1% risk of failure)
Confirm with . or Enter, or press ? or * to list all spells.
Aiming: Freeze (safe; 1% risk of failure)
Press: ? - help, Shift-Dir - straight line, f/p - naga warrior
Aim: a naga warrior, wielding a +0 battleaxe (almost dead, constricting you, strong, catching its breath, ally target)
You feel a surge of power!
You freeze the naga warrior!
You kill the naga warrior!
Makhleb accepts your kill.
You feel better.
The wall freezes the naga warrior.
The naga warrior hits you from afar with a +0 trident of venom!!!
You die...

...# ...# ..#######
......... .Z..##### .Z..#
#..Z#######
##..Z.....############...
####...##.....ZZ@))......
.......###########N.....#
............# ......#
......#####... .#)....
###...# ....... #...# ..
.... #...# +#. #.. #...#
. #. #...#


You could see a naga warrior (strong, ally target), a friendly naga simulacrum
and a friendly naga mage simulacrum.

Vanquished Creatures
  An anaconda (Snake:2)
  A boulder beetle (Lair:2)
  A tengu warrior (D:10)
  A death knight (D:12)
  2 two-headed ogres
  Urug (Lair:1)
  A naga warrior (Snake:2)
  A shock serpent (Snake:2)
  A swamp dragon (Lair:5)
  2 mana vipers
  2 orc knights (Orc:1)
  A wolf spider (Lair:5)
  A salamander (Snake:1)
  A manticore (D:12)
  10 black mambas
  2 naga magi (Snake:2)
  2 elephants
  An unseen horror (D:10)
  5 komodo dragons
  8 cane toads
  A rime drake (Lair:5)
  2 freezing wraiths (D:12)
  A tengu conjurer (D:12)
  A hornet (D:11)
  8 trolls
  A blink frog (Lair:4)
  Prince Ribbit (D:5)
  Sigmund (D:6)
  4 spriggans (Bailey)
  3 vampires
  A basilisk (Lair:5)
  2 wraiths
  5 wyverns
  21 yaks
  4 steam dragons
  A hog (Snake:1)
  3 redbacks (Lair:5)
  5 vampire mosquitoes (D:12)
  A warg (D:11)
  7 nagas
  An acid dragon (Bailey)
  9 water moccasins
  Duvessa (D:5)
  12 orc warriors
  2 black bears
  3 sky beasts
  7 ogres
  12 wolves
  2 phantoms (D:5)
  3 kobold brigands
  6 bullfrogs
  6 gnoll sergeants
  4 scorpions
  Dowan (D:5)
  6 killer bees (D:9)
  4 howler monkeys
  A basilisk zombie (Lair:4)
  3 orc priests
  3 hounds
  Jessica (D:3)
  3 hell rats (Lair:4)
  A sleepcap (D:5)
  Natasha (thrice) (D:2)
  5 iguanas
  7 orc wizards
  12 gnolls
  9 adders
  A shadow imp (D:6)
  A worm (D:2)
  4 dart slugs
  30 orcs
  4 endoplasms
  3 giant cockroaches
  11 goblins
  8 hobgoblins
  9 kobolds
  7 quokkas
  9 ball pythons
  5 bats
  3 frilled lizards
  2 rats
342 creatures vanquished.

Vanquished Creatures (collateral kills)
  Kirke (Snake:1)
  Fannar (D:10)
  A hydra (Lair:4)
  3 two-headed ogres
  2 anacondas (Snake:1)
  A shock serpent (Snake:1)
  A naga ritualist (Snake:2)
  An orc knight (Orc:1)
  3 mana vipers
  An ugly thing (D:11)
  A cyclops (D:12)
  5 elephants (Lair:5)
  A salamander (Snake:1)
  A manticore (D:11)
  A guardian serpent (Lair:5)
  5 black mambas
  A naga mage (Snake:2)
  9 cane toads
  Maggie (D:9)
  2 rime drakes
  2 komodo dragons
  A troll (D:9)
  3 hornets (Lair:5)
  3 blink frogs (Lair:4)
  Grinder (D:5)
  A snapping turtle (Shoals:1)
  2 spriggans (Bailey)
  2 shadows
  14 wyverns
  13 yaks
  A basilisk (Lair:4)
  4 hogs (Snake:1)
  A steam dragon (D:7)
  A vampire mosquito (D:12)
  8 nagas
  10 water moccasins
  An acid dragon (D:12)
  4 orc warriors
  2 swamp drakes (Lair:5)
  A black bear (Lair:1)
  8 ogres
  4 wolves
  A centaur (D:7)
  3 kobold brigands
  Blork the orc (D:6)
  A gnoll sergeant (D:11)
  3 bullfrogs
  A water moccasin zombie (Lair:5)
  5 killer bees
  4 howler monkeys
  2 orc priests (Orc:1)
  2 iguanas
  A hell rat (Lair:4)
  3 gnolls
  A shadow imp (D:8)
  6 orcs
  2 kobolds (D:7)
165 creatures vanquished.

Vanquished Creatures (others)
  A wolf spider zombie (Lair:5)
  A cyclops (D:12)
  An unseen horror zombie (D:10)
  3 redback zombies (Lair:5)
  A guardian serpent zombie (Lair:5)
  A boulder beetle zombie (Lair:2)
  2 black mamba zombies (Lair:5)
  5 dancing weapons
  2 cane toad zombies (Lair:5)
  A human zombie (D:12)
  A hornet zombie (D:11)
  2 vampire mosquito zombies (D:12)
  A water moccasin zombie (Lair:5)
  6 wyvern zombies (Lair:5)
  2 troll zombies
  A spriggan zombie (Bailey)
  3 wolf zombies (Lair:5)
  An orc wizard (D:5)
  2 killer bee zombies (D:9)
  A kobold zombie (D:11)
  An ogre zombie (Bailey)
  An iguana zombie (Lair:5)
  4 orc zombies (D:11)
  5 gnoll zombies (D:10)
49 creatures vanquished.

Grand Total: 556 creatures vanquished

Notes
Turn   | Place    | Note
-------+----------+-------------------------------------------
     0 | D:1      | NateTC the Djinni Ice Elementalist began the quest for the
                  | Orb.
     0 | D:1      | NateTC set off with the following spells memorised: Freeze,
                  | Frozen Ramparts, Ozocubu's Armour, Summon Ice Beast.
     0 | D:1      | Reached XP level 1. HP: 15/15 MP: 0/0
   125 | D:1      | Found a faded altar of an unknown god.
   130 | D:1      | Reached XP level 2. HP: 17/21 MP: 0/0
   170 | D:1      | Prayed at the altar of an unknown god.
   170 | D:1      | Became a worshipper of Makhleb the Destroyer
   170 | D:1      | Reached * piety under Makhleb
   256 | D:1      | You are sucked into a shaft and drop 1 floor!
   782 | D:2      | Reached XP level 3. HP: 10/25 MP: 0/0
   782 | D:2      | Learned a level 1 spell: Magic Dart
   904 | D:2      | Noticed Natasha
   908 | D:2      | HP: 1/25 [Natasha (6)]
   910 | D:2      | Killed Natasha
   911 | D:2      | Reached XP level 4. HP: 13/31 MP: 0/0
   942 | D:2      | Noticed Natasha
  1005 | D:2      | Killed Natasha
  1175 | D:2      | Noticed Natasha
  1182 | D:2      | Killed Natasha
  1183 | D:2      | Reached XP level 5. HP: 32/35 MP: 0/0
  1183 | D:2      | Learned a level 2 spell: Static Discharge
  1832 | D:2      | Identified a scroll of acquirement
  1832 | D:2      | Acquired the amulet "Ruexkin" {Fragile rC+++ Will++ Regen+
                  | Str-3}
  1892 | D:3      | Noticed Jessica
  1894 | D:3      | Killed Jessica
  1895 | D:3      | Reached skill level 5 in Spellcasting
  1958 | D:3      | Reached ** piety under Makhleb
  2105 | D:3      | Found a bloodstained altar of Trog.
  2166 | D:3      | Reached XP level 6. HP: 36/40 MP: 0/0
  2558 | D:4      | Found a staircase to the Ecumenical Temple.
  2650 | D:4      | Noticed an ogre
  2657 | D:4      | Killed an ogre
  2658 | D:4      | Reached XP level 7. HP: 24/45 MP: 0/0
  2658 | D:4      | Learned a level 3 spell: Tukima's Dance
  2834 | D:5      | Entered Level 5 of the Dungeon
  2873 | D:5      | Noticed Duvessa
  2873 | D:5      | Noticed Dowan
  2875 | D:5      | Noticed Prince Ribbit
  2887 | D:5      | Noticed Grinder
  2894 | D:5      | Killed Dowan
  2896 | D:5      | Killed Prince Ribbit
  2897 | D:5      | Reached XP level 8. HP: 32/50 MP: 0/0
  2897 | D:5      | Killed Duvessa
  2900 | D:5      | Reached *** piety under Makhleb
  2932 | D:5      | Killed Grinder
  2960 | D:5      | Found a basalt altar of Yredelemnul.
  2986 | D:5      | Acquired a manual of Dodging
  3074 | D:5      | Found a glowing golden altar of the Shining One.
  3336 | D:6      | Noticed Sigmund
  3341 | D:6      | Killed Sigmund
  3342 | D:6      | Reached skill level 1 in Fighting
  3342 | D:6      | Reached XP level 9. HP: 47/57 MP: 0/0
  3342 | D:6      | Learned a level 4 spell: Anguish
  3470 | D:6      | Found a burning altar of Makhleb.
  3482 | D:6      | Reached skill level 5 in Dodging
  3501 | D:6      | Reached skill level 2 in Fighting
  3550 | D:6      | Noticed Blork the orc
  3555 | D:6      | Killed Blork the orc
  3568 | D:6      | Reached skill level 3 in Fighting
  3568 | D:6      | Reached skill level 1 in Invocations
  3603 | D:6      | Noticed a +0 hand axe
  3603 | D:6      | Noticed a +0 dagger
  3617 | D:6      | Found a hide-covered altar of Uskayaw.
  3926 | D:7      | Found a runed translucent door.
  3927 | D:7      | Noticed Crazy Yiuf
  3928 | D:7      | Identified the +6 hammer of Superiority {vamp, rPois rC-
                  | Will+ Dex+3}
  4052 | D:7      | Found an opulent altar of Gozag.
  4053 | D:7      | Found an ornate altar of the Wu Jian Council.
  4302 | D:7      | Reached skill level 4 in Fighting
  4303 | D:7      | Reached XP level 10. HP: 44/68 MP: 0/0
  4480 | D:7      | Found a sparkling altar of Nemelex Xobeh.
  5102 | D:8      | Reached skill level 5 in Fighting
  5189 | D:8      | Found a staircase to the Lair.
  5444 | Lair:1   | Entered Level 1 of the Lair of Beasts
  5556 | Lair:1   | Noticed a cane toad
  5568 | Lair:1   | Killed a cane toad
  5860 | Lair:1   | Noticed a cane toad
  5868 | Lair:1   | Killed a cane toad
  5869 | Lair:1   | Reached skill level 6 in Fighting
  5869 | Lair:1   | Reached skill level 10 in Spellcasting
  5913 | Lair:1   | Noticed a cane toad
  5917 | Lair:1   | Noticed a black mamba
  5922 | Lair:1   | Killed a cane toad
  5922 | Lair:1   | Reached **** piety under Makhleb
  5927 | Lair:1   | Killed a black mamba
  5928 | Lair:1   | Reached XP level 11. HP: 37/76 MP: 0/0
  5928 | Lair:1   | Learned a level 4 spell: Animate Dead
  5933 | Lair:1   | Reached skill level 10 in Dodging
  6122 | Lair:1   | Noticed Urug
  6135 | Lair:1   | Killed Urug
  7213 | Lair:2   | Noticed a boulder beetle
  7221 | Lair:2   | Reached skill level 7 in Fighting
  7301 | Lair:2   | Killed a boulder beetle
  7431 | Lair:2   | Reached XP level 12. HP: 75/85 MP: 0/0
  7695 | Lair:2   | Reached skill level 1 in Shields
  7965 | Lair:2   | Found a staircase to the Snake Pit.
  8096 | Lair:2   | Found a runed translucent door.
  8096 | Lair:2   | Found a shimmering altar of Xom.
  8096 | Lair:2   | Noticed Xudgha's ghost (journeyman MiFi)
  8097 | Lair:2   | Identified the +0 ring mail of the Sun {rC+ rN+++}
  8097 | Lair:2   | Noticed a +2 demon whip of chaos
  9026 | Lair:3   | Found a staircase to the Shoals.
  9373 | Lair:4   | Identified the +6 whip of Quzxos {pain, Str+3 SInv}
  9399 | Lair:4   | Reached skill level 8 in Fighting
  9607 | Lair:4   | Found a viscous altar of Jiyva.
  9607 | Lair:4   | Found a staircase to the Slime Pits.
  9627 | Lair:4   | Noticed a six-headed hydra
  9638 | Lair:4   | Killed a six-headed hydra
  9642 | Lair:4   | Reached skill level 9 in Fighting
  9715 | Lair:4   | Reached ***** piety under Makhleb
  9752 | Lair:4   | Reached skill level 10 in Fighting
 10245 | Lair:5   | Entered Level 5 of the Lair of Beasts
 10336 | Lair:5   | Reached skill level 11 in Fighting
 10351 | Lair:5   | Reached XP level 13. HP: 76/99 MP: 0/0
 10351 | Lair:5   | Learned a level 5 spell: Alistair's Intoxication
 10552 | Lair:5   | Reached skill level 12 in Fighting
 10587 | Lair:5   | Reached skill level 13 in Fighting
 11330 | Lair:5   | Noticed a fire dragon
 11501 | D:9      | Noticed Maggie
 11510 | D:9      | Killed Maggie
 11606 | D:9      | Reached XP level 14. HP: 81/110 MP: 0/0
 12494 | D:10     | Entered Level 10 of the Dungeon
 12570 | D:10     | Noticed Fannar
 12596 | D:10     | Killed Fannar
 12703 | D:10     | Found Suoluekk's Superlative Supplies.
 12716 | D:10     | Found a hazy altar of Hepliaklqana.
 12719 | D:10     | Found a shadowy altar of Dithmenos.
 12831 | D:10     | Reached ****** piety under Makhleb
 12998 | D:10     | Found a flagged portal.
 13018 | Bailey   | Entered a bailey
 13167 | Bailey   | Found the +9 sword of Power {lifebolt}
 13756 | D:11     | Found a shadowy altar of Dithmenos.
 14057 | D:11     | Found a staircase to the Orcish Mines.
 14105 | D:11     | Reached skill level 5 in Invocations
 14214 | D:12     | HP: 3/110 [freezing wraith[a death knight] (6)]
 15150 | Orc:1    | Entered Level 1 of the Orcish Mines
 15549 | Orc:1    | Reached XP level 15. HP: 77/116 MP: 0/0
 15549 | Orc:1    | Learned a level 6 spell: Simulacrum
 15658 | Orc:1    | Found a bloodstained altar of Trog.
 15766 | Orc:2    | Entered Level 2 of the Orcish Mines
 15811 | Orc:2    | Noticed Donald
 16064 | Shoals:1 | Entered Level 1 of the Shoals
 16206 | Snake:1  | Entered Level 1 of the Snake Pit
 16241 | Snake:1  | Reached skill level 14 in Fighting
 16527 | Snake:1  | Noticed Kirke
 16538 | Snake:1  | Killed Kirke
 16660 | Snake:1  | Reached skill level 15 in Fighting
 16876 | Snake:1  | Found an ornate altar of the Wu Jian Council.
 17534 | Snake:2  | Slain by a naga warrior

Illustrated notes

Levels and vault maps discovered:
D:1:      scummos_arrival_checkerplants, layout_loops_cross,
          nicolae_ecumenical_snake_handling
D:2:      layout_basic, st_stairs_14, uniq_natasha
D:3:      layout_rooms, trog_butcher_becter, guppyfry_early_orc_mine,
          uniq_jessica
D:4:      layout_rooms, minmay_temple_entry_crystal_x, columned_hall_lemuel
D:5:      layout_rooms, amcnicky_altar_gilded, old_standard_altar,
          serial_bayou_lagoon_a, uniq_duvessa, uniq_prince_ribbit1, uniq_grinder
D:6:      layout_rooms, dancing_weapons_uskayaw,
          mainiacjoe_overflow_surrounded_room, chequers_serial_rivers_micro_c,
          uniq_blork_the_orc, uniq_sigmund
D:7:      kennysheep_steamy, layout_basic, lemuel_coloured_pillars_altar,
          minitemple, uniq_crazy_yiuf_cottage
D:8:      layout_gridville, kennysheep_mini_moat, minmay_misc_feat_iff,
          kennysheep_generic_room_16
D:9:      layout_basic, uniq_maggie
D:10:     cheibrodos_barr_body, layout_basic,
          riverfiend_overflow_shadow_ancestor, enter_bailey_6,
          nicolae_alphabet_shops, skrybe_limestone_x, uniq_fannar
D:11:     layout_rooms, kennysheep_orc_monster_closet_entryway,
          grunt_ministairs_6, nicolae_dithmenos_shadow_blocks
D:12:     layout_long_grid, minmay_unpleasant_kobolds
Lair:1:   layout_cave_pods, grunt_megastairs_3, uniq_urug
Lair:2:   layout_long_grid, nicolae_snake_entry_squirm, ebering_ghost_xom
Lair:3:   layout_cave_pods, elwin_shoals_entry_rooms
Lair:4:   layout_cellular_growth, dpeg_slime_entry_corner, st_stairs_11
Lair:5:   hangedman_lair_tendril_chambers, layout_long_grid,
          guppyfry_lair_end_dragon, serial_bayou_pond_c,
          nicolae_quartered_pool_impasse
Shoals:1: cheibrodos_shoals_baths, layout_shoals
Snake:1:  layout_layer_cave, basic_altar, grunt_ministairs_12, uniq_kirke
Snake:2:  layout_misc_corridors, serial_shops, shop,
          nicolae_elevator_lobby_plus, grunt_megastairs_1, minmay_shop_star
Orc:1:    layout_caves, basic_altar, nicolae_specific_store
Orc:2:    grunt_orc_cross, layout_diamond_mine, uniq_donald

Skill      XL: |  1  2  3  4  5  6  7  8  9 10 11 12 13 14 15 |
---------------+----------------------------------------------+-----
Spellcasting   | 4 5 6 7 8 10 12 13 14 | 14.1
Fighting       | 1 4 6 7 11 13 15 | 15.8
Dodging        | 4 8 9 10 12 14 | 14.9
Invocations    | 2 3 5 |  5.5
Shields        | 2 |  2.7
Stealth        | |  1.5

Action                     |  1- 3 |  4- 6 |  7- 9 | 10-12 | 13-15 || total
---------------------------+-------+-------+-------+-------+-------++-------
  Melee: Unarmed           |     3 |       |     5 |     3 |     5 ||    16
         Punch             |       |       |     1 |       |       ||     1
         Staff             |       |       |       |       |     7 ||     7
   Cast: Freeze            |    34 |    19 |    21 |   108 |   245 ||   427
         Frozen Ramparts   |     1 |    10 |    14 |    44 |   103 ||   172
         Magic Dart        |       |    84 |    66 |    55 |    58 ||   263
         Static Discharge  |       |     5 |       |    14 |    25 ||    44
         Ozocubu's Armour  |       |     1 |     4 |     8 |    29 ||    42
         Summon Ice Beast  |       |     1 |     9 |    38 |    62 ||   110
         Tukima's Dance    |       |       |    10 |     5 |    45 ||    60
         Animate Dead      |       |       |       |     9 |    12 ||    21
         Alistair's Intoxi |       |       |       |       |     4 ||     4
         Anguish           |       |       |       |       |     2 ||     2
         Simulacrum        |       |       |       |       |    23 ||    23
 Invoke: Lesser Servant of |       |       |       |       |     1 ||     1
    Use: Scroll            |     2 |     6 |     7 |     7 |    13 ||    35
         Potion            |     1 |       |     2 |     1 |     2 ||     6
 Armour: Robe              |     3 |     6 |    21 |    46 |    88 ||   164
         Acid dragon scale |       |       |       |       |    54 ||    54
  Dodge: Dodged            |    16 |    27 |    48 |   146 |   357 ||   594
  Block: Buckler           |       |       |       |    17 |   129 ||   146
